[Event "FIDE CB Open 2022"]
[Site "Ceske Budejovice"]
[Date "2022.07.05"]
[Round "5.51"]
[White "Jilek, Marcel"]
[Black "Vojtek, Pavel"]
[Result "0-1"]
[ECO "E90"]
[WhiteElo "1565"]
[BlackElo "1711"]
[Annotator "NA RC COMBH"]
[PlyCount "70"]
[EventDate "2022.07.01"]
[EventType "swiss"]
[EventCountry "CZE"]
[SourceTitle "playchess.com"]
[Source "ChessBase"]
[SourceQuality "1"]
[TimeControl "40/5400+30:1800+30"]

1. d4 Nf6 2. Nf3 d6 3. c4 g6 4. Nc3 Bg7 5. e4 O-O 6. Bd3 e5 7. d5 a5 8. Bd2 Na6 9. a3 Bg4 10. h3 Bd7 11. O-O Qe7 12. Rb1 Nc5 13. Bc2 a4 14. Be3 Qe8 15. Ne1 b6 16. f3 Nh5 17. Nd3 Ng3 18. Rf2 f5 19. Nxc5 bxc5 20. b3 axb3 21. Rxb3 fxe4 22. fxe4 Rb8 23. Rxb8 Qxb8 24. Rxf8+ Qxf8 25. a4 Bh6 26. Bf2 Nh5 27. Nb5 Nf4 28. Be1 Nxh3+ 29. gxh3 Be3+ 30. Kg2 Bxh3+ 31. Kxh3 Qf1+ 32. Kh2 Bf4+ 33. Bg3 Qf2+ 34. Kh1 Qxg3 35. Qe2 Qh3+ 0-1

[Event "FIDE CB Open 2022"]
[Site "Ceske Budejovice"]
[Date "2022.07.05"]
[Round "5.52"]
[White "Rybackova, Lucie"]
[Black "Almaini, Aishah Sarhan"]
[Result "0-1"]
[ECO "E68"]
[WhiteElo "1696"]
[BlackElo "1615"]
[Annotator "NA COMBH"]
[PlyCount "182"]
[EventDate "2022.07.01"]
[EventType "swiss"]
[EventCountry "CZE"]
[SourceTitle "playchess.com"]
[Source "ChessBase"]
[SourceQuality "1"]
[TimeControl "40/5400+30:1800+30"]

1. Nf3 Nf6 2. g3 g6 3. Bg2 Bg7 4. O-O O-O 5. d4 d6 6. c4 Nbd7 7. Nc3 c6 8. Qc2 e5 9. Rd1 Qc7 10. e4 Re8 11. h3 h6 12. Be3 Nh7 13. Qd2 g5 14. h4 f6 15. hxg5 hxg5 16. Rac1 Nb6 17. b3 Bg4 18. c5 exd4 19. Bxd4 dxc5 20. Bxc5 Rad8 21. Qc2 Bf8 22. Bxf8 Nxf8 23. Nd5 Qf7 24. Nxb6 axb6 25. Rd3 Rxd3 26. Qxd3 Ne6 27. Qe3 Nc5 28. Nh2 Bh5 29. b4 Nd7 30. Bf1 Qh7 31. Bc4+ Bf7 32. Bxf7+ Kxf7 33. f3 Rh8 34. Rc2 Qh3 35. Rg2 Qe6 36. Qd4 c5 37. Qc3 Ra8 38. a3 c4 39. Ng4 b5 40. Rh2 Rf8 41. Rh7+ Ke8 42. Qd4 Rf7 43. Rh8+ Rf8 44. Rh7 Rf7 45. Rh6 Ke7 46. Ne3 Qe5 47. Nf5+ Kd8 48. Rh8+ Kc7 49. Qd1 Qe6 50. Kg2 Rf8 51. Rh7 Rf7 52. Rxf7 Qxf7 53. Qd6+ Kd8 54. Nd4 c3 55. Ne6+ Qxe6 56. Qxe6 c2 57. Qd5 c1=Q 58. Qxb5 Qxa3 59. Qxb7 Qa2+ 60. Kf1 Qc4+ 61. Kf2 Qc2+ 62. Kf1 Qd1+ 63. Kf2 Qd2+ 64. Kf1 Qe3 65. Kg2 Qe2+ 66. Kh3 Qxf3 67. Qa8+ Ke7 68. Qd5 Qh5+ 69. Kg2 Qe2+ 70. Kg1 Qf3 71. b5 Qxg3+ 72. Kf1 Qf3+ 73. Kg1 g4 74. Qd4 g3 75. Qb4+ Kf7 76. Qc4+ Kg7 77. Qd4 Kg6 78. b6 g2 79. Qf2 Qxf2+ 80. Kxf2 Nxb6 81. Kxg2 Nc4 82. Kf2 Kg5 83. Kf3 Ne5+ 84. Kg3 Nd3 85. Kf3 Nc5 86. Ke3 Kg4 87. Kd4 Kf4 88. Kxc5 Kxe4 89. Kc4 f5 90. Kc3 Ke3 91. Kc2 Ke2 0-1

[Event "FIDE CB Open 2022"]
[Site "Ceske Budejovice"]
[Date "2022.07.05"]
[Round "5.53"]
[White "Rybacek, Martin"]
[Black "Smola, David"]
[Result "0-1"]
[ECO "E65"]
[WhiteElo "1650"]
[BlackElo "1609"]
[Annotator "NA RC COMBH"]
[PlyCount "92"]
[EventDate "2022.07.01"]
[EventType "swiss"]
[EventCountry "CZE"]
[SourceTitle "playchess.com"]
[Source "ChessBase"]
[SourceQuality "1"]
[TimeControl "40/5400+30:1800+30"]

1. Nf3 Nf6 2. g3 g6 3. Bg2 Bg7 4. O-O O-O 5. c4 d6 6. d4 c5 7. dxc5 dxc5 8. Nc3 Nc6 9. Bf4 Bd7 10. Qc1 Qb6 11. Nb5 Na5 12. Bc7 Qa6 13. Bxa5 Qxa5 14. Nc3 Bc6 15. Rd1 Rfd8 16. Qe3 Kf8 17. Ne5 Bxg2 18. Kxg2 a6 19. Nd3 Rac8 20. f3 Nd7 21. Nd5 e6 22. N5f4 Bd4 23. Qe4 Nf6 24. Qxb7 Rb8 25. Qc6 Ke7 26. Nc1 Rxb2 27. Nb3 Rxb3 28. axb3 Bxa1 29. Qb7+ Rd7 30. Rxd7+ Nxd7 31. Nd3 Qb6 32. Qc8 Bd4 33. Nf4 a5 34. Qg8 Nf6 35. Qc8 Ne8 36. Nd3 Qxb3 37. Nxc5 Qxc4 38. Qb7+ Kf8 39. Nd7+ Kg7 40. Qe4 Qd5 41. Qd3 Qxd7 42. e3 e5 43. f4 Qc6+ 44. Kh3 Bb2 45. e4 exf4 46. gxf4 Qc3 0-1

[Event "FIDE CB Open 2022"]
[Site "Ceske Budejovice"]
[Date "2022.07.05"]
[Round "5.54"]
[White "Kukacka, Ladislav"]
[Black "Pisar, Tomas"]
[Result "1-0"]
[ECO "A15"]
[WhiteElo "1555"]
[BlackElo "1640"]
[Annotator "NA RC COMBH"]
[PlyCount "41"]
[EventDate "2022.07.01"]
[EventType "swiss"]
[EventCountry "CZE"]
[SourceTitle "playchess.com"]
[Source "ChessBase"]
[SourceQuality "1"]
[TimeControl "40/5400+30:1800+30"]

1. Nf3 Nf6 2. c4 g6 3. b4 Bg7 4. Bb2 O-O 5. g3 c6 6. Bg2 d5 7. cxd5 cxd5 8. O-O a6 9. d3 Nc6 10. a3 Re8 11. Nbd2 e5 12. Qb3 e4 13. dxe4 Nxe4 14. Bxg7 Kxg7 15. Rad1 Qf6 16. Nxe4 dxe4 17. Nd2 Nd4 18. Qe3 Bg4 19. Nxe4 Nxe2+ 20. Kh1 Rxe4 21. Qxe4 1-0

[Event "FIDE CB Open 2022"]
[Site "Ceske Budejovice"]
[Date "2022.07.05"]
[Round "5.55"]
[White "Huemer, Gerald"]
[Black "Jodas, Daniel"]
[Result "1-0"]
[ECO "A48"]
[WhiteElo "1627"]
[BlackElo "1614"]
[Annotator "NA RC COMBH"]
[PlyCount "79"]
[EventDate "2022.07.01"]
[EventType "swiss"]
[EventCountry "CZE"]
[SourceTitle "playchess.com"]
[Source "ChessBase"]
[SourceQuality "1"]
[TimeControl "40/5400+30:1800+30"]

1. d4 Nf6 2. Bf4 g6 3. h3 Bg7 4. e3 O-O 5. Nd2 d6 6. Ngf3 Nbd7 7. Bh2 Re8 8. Be2 e5 9. dxe5 dxe5 10. c3 e4 11. Nd4 Ne5 12. Nc4 Nxc4 13. Bxc4 a6 14. Qb3 Qe7 15. a4 c5 16. Ne2 g5 17. Rd1 Nd7 18. Bd6 Qf6 19. Ng3 Bf8 20. Bxf8 Kxf8 21. Bd5 Qg6 22. Qc4 Nf6 23. Qxc5+ Kg8 24. O-O Nxd5 25. Rxd5 h6 26. Rfd1 Be6 27. Rd6 h5 28. R1d4 h4 29. Nxe4 f5 30. Nd2 g4 31. hxg4 fxg4 32. Ne4 g3 33. fxg3 hxg3 34. Qg5 Qxg5 35. Nxg5 Bf5 36. Rf6 Bc2 37. Rg4 Rxe3 38. Ne4+ Kh7 39. Nxg3 Rg8 40. Rf7+ 1-0

[Event "FIDE CB Open 2022"]
[Site "Ceske Budejovice"]
[Date "2022.07.06"]
[Round "6.1"]
[White "Toman, Ondrej"]
[Black "Roshka, Yevgeniy"]
[Result "1/2-1/2"]
[ECO "A45"]
[WhiteElo "2276"]
[BlackElo "2497"]
[Annotator "TA"]
[PlyCount "163"]
[EventDate "2022.07.01"]
[EventType "swiss"]
[EventCountry "CZE"]
[SourceTitle "playchess.com"]
[Source "ChessBase"]
[SourceQuality "1"]
[TimeControl "40/5400+30:1800+30"]

1. d4 Nf6 2. Bg5 e6 3. e4 h6 4. Bxf6 Qxf6 5. c3 d6 6. Bc4 {[%emt 0:00:05] A45: Trompowsky Attack.} g6 7. Ne2 Bg7 8. O-O O-O 9. f4 Qe7 10. Nd2 e5 {[%emt 0:06:17] [#]} 11. a4 $146 ({Predecessor:} 11. f5 Kh7 12. fxg6+ fxg6 13. Rxf8 Qxf8 14. Qb3 Nd7 15. Rf1 Qe8 16. Nf3 Qe7 17. Ng3 {½-½ (25) Dragun,K (2585)-Gabuzyan,H (2620) Ledyard 2019}) 11... Nd7 12. Qc2 Nf6 13. Rae1 Bg4 14. Ba2 Nh5 15. dxe5 dxe5 16. f5 {[%emt 0:00:26] next fxg6 is good for White.} Bxe2 17. Rxe2 {[%emt 0:00:51] [#] aiming for fxg6.} Kh7 18. g3 Rad8 19. Nf3 Nf6 20. h3 Nh5 21. Kg2 Bf6 {[%emt 0:00:20] [#] Strongly threatening ...gxf5.} 22. Nh2 (22. fxg6+ {feels hotter.} fxg6 23. Rd2 Rxd2+ 24. Qxd2 Bg7 25. Qd3) 22... Rd6 (22... Bh4 $11 23. gxh4 Qxh4) 23. Rd1 (23. Ng4 $14) 23... Rxd1 $11 24. fxg6+ fxg6 25. Qxd1 Bg7 (25... Bh4 $5 26. Rd2 (26. gxh4 Qxh4 27. Rd2 Nf4+ 28. Kh1 Nxh3 $15) 26... Qg5 27. Rd7+ Kh8 $11) 26. Nf3 Nf6 27. Bb1 (27. Qd3 {keeps more tension.} Ne8 28. Qd5 Qd6 29. Rd2) 27... Ne8 28. Rf2 Nd6 29. Bd3 Qd7 30. Qb3 Qc6 31. Nd2 (31. Re2 {looks sharper.} Qd7 32. Re1 b6 33. Rf1) 31... Rxf2+ 32. Kxf2 Qc5+ 33. Kg2 $1 Qe3 34. Qc2 h5 35. Nf3 Bf6 36. h4 Kg7 37. Qd2 Qxd2+ 38. Nxd2 {[%emt 0:00:01][%mdl 4096] Endgame KBN-KBN} g5 39. hxg5 Bxg5 40. Nc4 Nxc4 41. Bxc4 {[%emt 0:30:01] KB-KB} Bc1 42. b3 Bd2 43. Be2 Kg6 44. c4 Kg5 45. Kf3 Be1 46. Bf1 Kf6 47. Be2 Kg6 48. Bf1 Kf6 49. Be2 Ke6 50. Ke3 Kd6 51. Bxh5 Bxg3 52. b4 Be1 53. c5+ Kd7 54. b5 Bb4 55. Bg4+ Ke7 56. Kd3 $1 Bxc5 57. Bc8 b6 58. Bb7 Kd6 59. Kc4 Bd4 60. Bd5 Ke7 61. Bc6 Ke6 62. Bb7 Kd6 63. Bd5 Bc5 64. Kd3 Bb4 65. Kc4 Ba3 66. Kb3 Bc1 67. Kb4 Bd2+ 68. Kc4 Be1 69. Bc6 a5 70. Bd5 Ke7 71. Kd3 Bb4 72. Kc4 Kf6 73. Kd3 Kg5 74. Bb3 Kf4 75. Bd5 Kf3 76. Bc4 Kf2 77. Bd5 Ke1 78. Bb3 Bc5 79. Bc2 Bd4 80. Bb3 Bc5 81. Bc2 Bd4 82. Bb3 {[%emt 0:00:00] Weighted Error Value: White=0.06 (flawless) /Black=0.07 (flawless)} 1/2-1/2

[Event "FIDE CB Open 2022"]
[Site "Ceske Budejovice"]
[Date "2022.07.06"]
[Round "6.2"]
[White "Librelato, Kathie Goulart"]
[Black "Velicka, Petr"]
[Result "1/2-1/2"]
[ECO "B11"]
[WhiteElo "2255"]
[BlackElo "2384"]
[Annotator "TA"]
[PlyCount "83"]
[EventDate "2022.07.01"]
[EventType "swiss"]
[EventCountry "CZE"]
[SourceTitle "playchess.com"]
[Source "ChessBase"]
[SourceQuality "1"]
[TimeControl "40/5400+30:1800+30"]

1. e4 c6 2. Nc3 d5 3. Nf3 Bg4 4. h3 Bxf3 5. Qxf3 Nf6 6. Be2 e6 {[%emt 0:01:46] B11: Caro-Kann: Two Knights Variation.} 7. O-O Bd6 8. d4 {[%emt 0:01:54] [#] Threatens to win with e5.} dxe4 {[%emt 0:00:58] White has an edge.} 9. Nxe4 Nxe4 10. Qxe4 Nd7 11. Rd1 {[%emt 0:07:52] [#]} Nf6 $146 ({Predecessor:} 11... O-O 12. Bd3 Nf6 13. Qf3 h6 14. a4 a5 15. c4 Qe7 16. c5 Bc7 17. Be3 Nd5 {½-½ (32) Heyn,W (1966)-Langhans,H (2052) DESC email 2004}) 12. Qf3 Bc7 13. c4 Qd6 {[%emt 0:01:11] ( -> ...Qh2+)} 14. g3 O-O 15. Bg5 Qe7 16. d5 cxd5 17. cxd5 Rad8 18. Bc4 {[%emt 0:08:41] aiming for dxe6.} e5 19. Rac1 h6 20. Bxf6 Qxf6 21. Qxf6 gxf6 {[%emt 0:00:04] [#]} 22. Ba6 $1 Bd6 (22... Ba5 23. Bd3) 23. Bxb7 Rb8 {[%emt 0:00:06] The position is equal.} 24. Rc6 Rfd8 25. Ba6 Rxb2 26. Bc4 Kg7 27. Bb3 a5 28. Rc2 Rxc2 29. Bxc2 $11 {[%emt 0:00:03][%mdl 4096] Endgame KRB-KRB} Kf8 30. Rb1 Bb4 31. Bb3 Rc8 32. Kg2 Rc3 33. Rb2 Ke7 34. Re2 Rd3 35. Rc2 Rc3 36. Re2 Bc5 37. Rc2 Rxc2 38. Bxc2 Kd6 39. g4 Kxd5 40. Bb3+ Ke4 41. Bxf7 Kf4 42. f3 {[%emt 0:00:10] Weighted Error Value: White=0.06 (flawless) /Black=0.05 (flawless)} 1/2-1/2

[Event "FIDE CB Open 2022"]
[Site "Ceske Budejovice"]
[Date "2022.07.06"]
[Round "6.3"]
[White "Neuman, Petr"]
[Black "Johannsson, Birkir Isak"]
[Result "1-0"]
[ECO "B55"]
[WhiteElo "2378"]
[BlackElo "2131"]
[Annotator "TA"]
[PlyCount "103"]
[EventDate "2022.07.01"]
[EventType "swiss"]
[EventCountry "CZE"]
[SourceTitle "playchess.com"]
[Source "ChessBase"]
[SourceQuality "1"]
[TimeControl "40/5400+30:1800+30"]

1. e4 c5 2. Nf3 d6 3. d4 cxd4 4. Nxd4 Nf6 5. f3 e6 6. Be3 {[%emt 0:00:30] B55: Sicilian: 2...d6 3 d4 cxd4 4 Nxd4 Nf6 5 f3.} Be7 7. Qd2 h5 {[%emt 0:07:03] Prevents g4.} 8. c4 {[%emt 0:02:24] White is slightly better.} a6 9. Nc3 Qc7 {[%emt 0:00:20] [#]} 10. Be2 $146 ({Predecessor:} 10. a3 Nbd7 11. Rc1 b6 12. Be2 Bb7 13. b4 Rc8 14. O-O Qb8 15. Rc2 h4 16. Rb1 {0-1 (38) Ognean,M (2298)-Manolache,M (2541) Chess.com INT 2020}) 10... b6 11. O-O Bb7 12. a4 Nbd7 13. a5 bxa5 14. Nb3 Rb8 15. Nxa5 {[%emt 0:00:20] White is more active.} Ba8 16. b4 (16. Rfc1 $16) 16... O-O (16... d5 $1 $14) 17. Rfb1 ({Better is} 17. Rfc1 $16) 17... Rfd8 18. Qe1 (18. b5 $14) 18... Ne5 {[%emt 0:16:11] [#]} (18... d5 $1 $11 {keeps the balance.}) 19. Bd4 (19. b5 $1 $16) 19... Nfd7 (19... d5 $1 $11 20. Qg3 Nxf3+ 21. gxf3 Qxg3+ 22. hxg3 dxe4) 20. h3 ({White should try} 20. Bf2 $14) 20... Bf6 $11 21. Qf2 Nc6 (21... Ng6 $11) 22. Nxc6 Qxc6 23. Bxf6 Nxf6 24. c5 Bb7 25. Na4 Nd7 26. Bf1 Ba8 27. cxd6 (27. Qd4 {seems wilder.} dxc5 28. Nxc5 Nxc5 29. Qxc5 Qxc5+ 30. bxc5 Rbc8 31. Rc1) 27... Qxd6 28. Nc5 Nxc5 29. bxc5 (29. Qxc5 $16 Bb7 30. Qxh5) 29... Qe5 $14 30. Rxb8 Rxb8 31. Rxa6 Rc8 32. Qe3 Bc6 33. Ra3 h4 34. Qc3 Qg5 35. Ra6 Bb7 36. Ra5 Bc6 37. Ra1 Be8 38. Rc1 Bc6 39. Rb1 Be8 40. e5 $1 Qe7 41. Rc1 Bc6 42. Qe3 Bd5 43. Ba6 Rc7 44. Bb5 Rc8 45. c6 $36 {[%emt 0:00:00][%mdl 2048] Black is under strong pressure.} Qb4 (45... Rc7 $16 {is a better defense.} 46. Rc5 Rc8) 46. Qc5 $18 Qxc5+ 47. Rxc5 {[%emt 0:00:00] [#] And now c7 would win. KRB-KRB} Rc7 48. Kf2 {[%emt 0:00:00] Strongly threatening Rc2.} g5 $2 (48... f6 {keeps fighting.} 49. exf6 gxf6) 49. Ke3 Kg7 (49... Kf8 {was necessary.} 50. Rc1 Ke7) 50. Kd4 {[%emt 0:00:00] White is clearly winning.} f6 51. Rxd5 exd5 52. Kxd5 {[%emt 0:00:00] Weighted Error Value: White=0.15 (very precise) /Black=0.27 (precise)} 1-0

[Event "FIDE CB Open 2022"]
[Site "Ceske Budejovice"]
[Date "2022.07.06"]
[Round "6.4"]
[White "Zima, Jan"]
[Black "Heimisson, Hilmir Freyr"]
[Result "1-0"]
[ECO "C51"]
[WhiteElo "2134"]
[BlackElo "2281"]
[Annotator "TA"]
[PlyCount "87"]
[EventDate "2022.07.01"]
[EventType "swiss"]
[EventCountry "CZE"]
[SourceTitle "playchess.com"]
[Source "ChessBase"]
[SourceQuality "1"]
[TimeControl "40/5400+30:1800+30"]

1. e4 e5 2. Nf3 Nc6 3. Bc4 Bc5 4. b4 Bxb4 5. c3 Be7 6. d4 Na5 7. Be2 d6 {[%emt 0:00:10] is more profitable than 7...exd4 at the moment. C51: Evans Gambit: Declined and Accepted without 5...Ba5.} 8. Qa4+ c6 9. dxe5 dxe5 {[%emt 0:17:58] The position is equal.} 10. Nxe5 Nf6 11. O-O Qc7 12. Nf3 b5 13. Qc2 Bg4 {[%emt 0:04:30] [#]} 14. a4 $146 ({Predecessor:} 14. Nbd2 O-O 15. c4 Nxc4 16. Nxc4 bxc4 17. Qxc4 Nd7 18. Bb2 Bxf3 19. Bxf3 Bd6 {½-½ (19) Yoo,C (2535)-Swiercz,D (2665) San Salvador 2022}) 14... a6 15. axb5 axb5 16. Nbd2 O-O 17. Bd3 h6 18. h3 Be6 19. Re1 b4 (19... Nd7 $11) 20. e5 ({White should try} 20. cxb4 $14 Bxb4 21. Ba3 Bxa3 22. Rxa3) 20... b3 $11 21. c4 $2 Nd5 $2 ({Better is} 21... bxc2 $19 22. exf6 Bxf6) 22. Qb1 (22. Nxb3 $2 Nb4 23. Qd1 (23. Bh7+ $2 Kh8 $19) 23... Nxd3 24. Qxd3 Bxc4 $19) 22... Nb4 23. Bh7+ Kh8 {[%emt 0:00:06] Threatening ...Qb6.} 24. Nd4 (24. Be4 $11 {remains equal.}) 24... Rad8 (24... Na2 $17 25. Bd3 Nxc1 26. Rxc1 Qxe5 27. N4xb3 Nxb3 28. Nxb3 Bd6) 25. Nxe6 fxe6 26. Re2 (26. Bg6 $17) 26... Bc5 $19 {[%emt 0:05:54] Strongly threatening ...Na2.} 27. Bg6 (27. Be4 $142) 27... Qb6 28. Nf3 Rd1+ 29. Kh2 Bxf2 (29... Na2 $17 30. Rexa2 bxa2 31. Qxa2 Nb3) 30. Qe4 $1 $15 Bg1+ 31. Kg3 {[%emt 0:00:05][%cal Oc1h6] Hoping for Bxh6!} Qd8 (31... Na2 $15 {stays ahead.} 32. Bxh6 Rd4 33. Nxd4 Qxd4 34. Qxd4 Bxd4) 32. Rd2 $2 {[%emt 0:01:35] [#]} (32. Qg4 $1 $16 {[%cal Oc1g5] is forced if you want to stay better. Black must now prevent Bg5!} Na2 33. Bxh6 $1 gxh6 34. Qh5) 32... Rxd2 $2 (32... Rxf3+ $1 $17 {[%mdl 512] stays on course.} 33. Kxf3 Rf1+ 34. Ke2 Qf8 $1) 33. Bxd2 $16 {[%emt 0:00:03] Really sharp! This bishop pair is nice.} Bc5 34. Qe1 $2 (34. Ra4 $16) 34... Qb6 (34... Nd3 $15 35. Bxd3 Qxd3 36. Bxa5 Be3) 35. Ra4 Rb8 $2 {[%emt 0:00:30] [#]} (35... Nc2 $1 $11 {and Black stays safe.} 36. Bxc2 (36. Bxa5 Nxe1 37. Bxb6 Bxb6 $11) 36... bxc2 37. Rxa5 Rd8) 36. Kh2 $2 (36. Bb1 $1 $18) 36... Bf2 $2 (36... Nxc4 $11 37. Bxh6 gxh6) 37. Rxb4 $4 Qxb4 $4 (37... Bxe1 $19 38. Rxb6 Rxb6 39. Bxe1 Nxc4) 38. Qxf2 $18 Qa3 39. Qh4 {[%emt 0:00:28] And now Nd4 would win.} Kg8 {[%emt 0:00:18] [#]} 40. Bxh6 $1 gxh6 41. Qxh6 {[%emt 0:09:46] White wants to mate with Qh7+.} Qe7 42. Ng5 {[%emt 0:00:31] Bh7+ would kill now.} Rb7 43. Bh7+ Kh8 44. Bf5+ {[%emt 0:01:28][%mdl 64] Discovered Attack. A wild game.  Weighted Error Value: White=0.78/Black=1.21} 1-0

[Event "FIDE CB Open 2022"]
[Site "Ceske Budejovice"]
[Date "2022.07.06"]
[Round "6.5"]
[White "Puncochar, Jiri"]
[Black "Hrbek, Stepan"]
[Result "0-1"]
[ECO "B88"]
[WhiteElo "2020"]
[BlackElo "2272"]
[Annotator "TA"]
[PlyCount "78"]
[EventDate "2022.07.01"]
[EventType "swiss"]
[EventCountry "CZE"]
[SourceTitle "playchess.com"]
[Source "ChessBase"]
[SourceQuality "1"]
[TimeControl "40/5400+30:1800+30"]

1. e4 c5 2. Nf3 d6 3. d4 cxd4 4. Nxd4 Nf6 5. Nc3 Nc6 6. Bc4 e6 7. O-O a6 8. Nxc6 {[%emt 0:00:53] B88: Sicilian: Sozin Attack.} bxc6 9. Qe2 Be7 10. Rd1 {[%emt 0:01:41] [#] White has an edge.} O-O $146 ({Predecessor:} 10... Qc7 11. Bf4 e5 12. Bg5 Bg4 13. f3 Be6 14. Kh1 O-O 15. Bxa6 Qb6 16. Bc4 Ng4 17. fxg4 Bxg5 {1-0 (26) Woelfelschneider,P (2218)-Bernal Varela,N (2204) IECG email 2006}) 11. Bf4 d5 12. e5 Nd7 13. Bd3 Nc5 {[%emt 0:03:02] Prevents Na4.} 14. Qh5 Nxd3 (14... g6 $5 15. Qh6 Re8 $11) 15. Rxd3 {[%emt 0:00:07] Threatens to win with Rh3.} g6 $1 16. Qh6 f5 17. Rg3 Rf7 18. Bg5 Qf8 19. Qxf8+ Bxf8 20. Bf6 Rb8 21. Na4 (21. b3 $11) 21... c5 $15 22. b3 Bd7 {[%emt 0:03:07] ...Bxa4 is the strong threat.} 23. Nc3 d4 24. Ne2 {[%emt 0:00:29] [#] Black continues to play with concentration.} ({White should try} 24. Nb1 $15) 24... Rxf6 $1 $17 25. exf6 {[%emt 0:00:07] [#]} e5 $1 26. c3 (26. Re1 $142) 26... Bb5 27. c4 (27. Kf1 $17 {is a better defense.}) 27... Bc6 $19 28. Rd3 Kf7 29. Rdd1 Kxf6 30. f3 (30. Rd2 {keeps fighting.}) 30... Bh6 31. h4 e4 32. fxe4 $2 (32. f4) 32... fxe4 33. Rf1+ Ke5 34. Rf7 d3 35. Ng3 $2 (35. Re7+ Kd6 36. Rxh7 Be3+ 37. Kh2) 35... Rb7 {[%emt 0:00:15] Black is clearly winning.} 36. Rff1 e3 37. Rfe1 Kd4 38. Red1 d2 {[%emt 0:00:49] And now ...Kd3 would win.} 39. Rab1 Kd3 {[%emt 0:00:26] Weighted Error Value: White=0.60/Black=0.14 (very precise)} 0-1

[Event "FIDE CB Open 2022"]
[Site "Ceske Budejovice"]
[Date "2022.07.06"]
[Round "6.6"]
[White "Maryasin, Boris"]
[Black "Valantiejus, Vaidotas"]
[Result "1/2-1/2"]
[ECO "D01"]
[WhiteElo "2260"]
[BlackElo "2062"]
[Annotator "TA"]
[PlyCount "86"]
[EventDate "2022.07.01"]
[EventType "swiss"]
[EventCountry "CZE"]
[SourceTitle "playchess.com"]
[Source "ChessBase"]
[SourceQuality "1"]
[TimeControl "40/5400+30:1800+30"]

1. d4 d5 2. Nc3 Nf6 3. Bg5 h6 4. Bxf6 exf6 5. e4 dxe4 6. Nxe4 Be7 7. Nf3 O-O {[%emt 0:00:27] D01: Veresov Opening.} 8. Bd3 {[%emt 0:01:19] [#]} Re8 $146 (8... c5 $5) ({Predecessor:} 8... Bb4+ 9. c3 Bd6 10. O-O c6 11. Re1 Bc7 12. Ng3 g6 13. Qb3 Kg7 14. Rad1 b6 15. Rd2 {1-0 (27) Zivkovic,M (1988)-Mujcinovic,M (1780) Lukavac 2016}) 9. O-O Bf8 10. Re1 Nc6 11. c3 Be6 12. b4 Rb8 13. a4 Ne7 14. Nc5 Bd5 15. Nh4 (15. Bb5 $5 ) 15... b6 16. Na6 Rc8 17. Qg4 g6 18. Re3 h5 19. Qf4 (19. Qh3 $11 {keeps the balance.}) 19... Qd6 $17 20. Qxd6 (20. Qg3 $142) 20... cxd6 21. Bb5 Red8 22. Rae1 Be6 23. Rg3 (23. Rd3 $142) 23... Nf5 $2 {[%emt 0:08:49] [#]} (23... g5 $19 {Threatens to win with ...Kh8.} 24. c4 Bxc4) 24. d5 ({White should try} 24. Nxf5 $11 Bxf5 25. c4) 24... Nxh4 (24... Nxg3 $15 25. dxe6 fxe6 26. hxg3 (26. fxg3 Kf7 $15) 26... Kf7) 25. dxe6 $11 fxe6 26. Rxe6 Kf7 27. Re1 Nf5 28. Rd3 d5 29. h3 Bd6 30. Red1 Be5 31. g4 (31. c4 $5) 31... hxg4 32. hxg4 Ne7 {[%emt 0:00:29] Threatening ...Rh8.} 33. c4 $1 d4 34. c5 bxc5 {[%emt 0:00:12] [#] And now ...c4 would win.} 35. Nxc5 {[%emt 0:00:19] Hoping for Bc4+.} g5 36. Bc4+ Kg6 37. Rh3 {[%emt 0:00:57] Strongly threatening Bd3+. White is much more active.} Rh8 38. Bd3+ Kf7 39. Rxh8 Rxh8 40. b5 {[%emt 0:01:08] Inhibits Nc6.} (40. Bc4+ $14 Kg6 41. Kg2) 40... Rc8 {[%emt 0:01:44] The position is equal.} 41. Ne4 Nd5 42. a5 Nc3 43. Nxc3 Rxc3 {[%emt 0:00:00] Weighted Error Value: White=0.18 (very precise) /Black=0.21 (precise)} 1/2-1/2

[Event "FIDE CB Open 2022"]
[Site "Ceske Budejovice"]
[Date "2022.07.06"]
[Round "6.7"]
[White "Havelka, Josef"]
[Black "Mai, Alexander Oliver"]
[Result "1-0"]
[ECO "B91"]
[WhiteElo "2396"]
[BlackElo "2159"]
[Annotator "TA"]
[PlyCount "95"]
[EventDate "2022.07.01"]
[EventType "swiss"]
[EventCountry "CZE"]
[SourceTitle "playchess.com"]
[Source "ChessBase"]
[SourceQuality "1"]
[TimeControl "40/5400+30:1800+30"]

1. e4 c5 2. Nf3 d6 3. d4 cxd4 4. Nxd4 Nf6 5. Nc3 a6 6. g3 e5 7. Nde2 Be7 8. Bg2 O-O 9. h3 b5 10. O-O Nbd7 11. Be3 {[%emt 0:13:31] B91: Sicilian Najdorf: 6 g3.} Bb7 12. g4 b4 13. Nd5 {[%emt 0:00:05] Black has an edge.} Nxd5 14. exd5 Bg5 15. Qd2 Bxe3 16. fxe3 a5 17. Ng3 {[%emt 0:02:13] [#]} Rc8 $146 ({Predecessor:} 17... Nb6 18. b3 Rc8 19. Rf2 Rc5 20. e4 Nc8 21. a3 bxa3 22. Rxa3 Nb6 23. Bf1 Qc7 {1-0 (32) Martinez,R (2441)-Rambaldi,F (2308) Milan 2012}) 18. Kh2 Nb6 19. b3 Rc5 20. e4 Qc7 21. Rf2 Rc8 22. Rc1 g6 {[%emt 0:02:30] [#]} (22... Nd7 $11 {remains equal.}) 23. Bf1 (23. Nf5 $1 $16 f6 24. Nh6+ Kg7 25. g5) 23... Qe7 $14 {[%emt 0:16:05] Inhibits Qg5.} 24. Bd3 Ra8 (24... Nd7 $11) 25. Qe2 (25. Rcf1 $16 Rf8 26. Qh6) 25... Rc7 26. Rg1 {[%emt 0:01:32][%cal Og3f5] Black must now prevent Nf5!} Kh8 ({Better is} 26... Nd7 $11) 27. Rgf1 Rf8 $1 28. Qe3 Nd7 29. Bb5 (29. Qa7 $5 ) 29... Nc5 30. Qe2 Bc8 31. Rf6 Ra7 32. R1f2 (32. Qe3 {looks sharper.} Rb7 33. Qh6 Rg8 34. R1f2) 32... Bd7 33. g5 (33. Bd3 $11) 33... Bxb5 $1 $15 34. Qxb5 Nd7 35. R6f3 Qxg5 36. Rxf7 Kg8 {[%emt 0:01:04][%mdl 8192] Loses the game.} (36... Rxf7 $15 37. Rxf7 Qd8) 37. Rxf8+ $18 Nxf8 {[%emt 0:00:02] [#]} 38. Rxf8+ Kxf8 {[%emt 0:00:01][%mdl 4096] Endgame KQR-KQN} (38... Kg7 39. Rf2) 39. Qb8+ Kg7 40. Qxa7+ Kh6 41. Qf2 Qc1 42. h4 (42. Qf8+ $142 Kg5 43. Qe7+ Kh6 44. h4 Qf4 45. Kh3 a4 46. Qxd6 axb3 47. cxb3) 42... Kg7 43. Kh3 {[%emt 0:00:00] aiming for Qa7+.} Qa3 44. Qa7+ {[%emt 0:00:00] White mates.} Kg8 45. Qb8+ Kf7 46. Qxd6 Qxa2 47. Qe6+ Kf8 48. d6 {[%emt 0:00:00] Weighted Error Value: White=0.20 (precise) /Black=0.62} 1-0